 Dungeon Crawl Stone Soup version 0.31-a0-654-gbe3e110b4e (webtiles) character file.

Game seed: 10473190133283912678

79 cforsyth the Charlatan (level 4, -2/34 HPs)
             Began as a Gnoll Artificer on Aug 29, 2023.
             Slain by a goblin
             ... wielding a +0 club
             ... led by Robin
              (4 damage)
             ... on level 2 of the Dungeon.
             The game lasted 00:03:11 (2218 turns).

cforsyth the Charlatan (Gnoll Artificer)            Turns: 2218, Time: 00:03:12

Health: -2/34      AC:  3    Str: 11    XL:     4   Next: 37%
Magic:  5/5        EV: 12    Int: 13    God:
Gold:   821        SH:  5    Dex: 12    Spells: 5/5 levels left

rFire   . . .        a - +1 club
rCold   . . .        (no shield)
rNeg    . . .        b - +0 leather armour
rPois   .            (no helmet)
rElec   .            (no cloak)
rCorr   .            (no gloves)
SInv    .            (no boots)
Will    .....        m - amulet of reflection
Stlth   ++           (no ring)
HPRegen 0.25/turn    (no ring)
MPRegen 0.09/turn

%: reflection
@: attractive
A: fangs 1, strong nose, distributed training
a: no special abilities


You were on level 2 of the Dungeon.
You visited 1 branch of the dungeon, and saw 3 of its levels.

You collected 821 gold pieces.

Inventory:

Hand Weapons
 a - a +1 club (weapon)
Armour
 b - a +0 leather armour (worn)
Jewellery
 m - an amulet of reflection (around neck)
Wands
 c - a wand of flame (10) (quivered)
 d - a wand of charming (13)
 e - a wand of iceblast (5)
Potions
 f - 2 potions of curing {unknown}
 j - a potion of brilliance {unknown}
 l - a potion of attraction
 n - a potion of mutation


   Skills:
 + Level 2.7 Fighting
 + Level 1.1 Short Blades
 + Level 1.1 Long Blades
 + Level 1.1 Axes
 + Level 1.1 Maces & Flails
 + Level 1.1 Polearms
 + Level 1.1 Staves
 + Level 1.1 Ranged Weapons
 + Level 1.1 Throwing
 + Level 4.6 Armour
 + Level 2.7 Dodging
 + Level 2.5 Stealth
 + Level 1.1 Shields
 + Level 1.1 Unarmed Combat
 + Level 1.1 Spellcasting
 + Level 0.9 Conjurations
 + Level 0.9 Hexes
 + Level 0.9 Summonings
 + Level 0.9 Necromancy
 + Level 0.9 Translocations
 + Level 0.9 Transmutations
 + Level 0.9 Fire Magic
 + Level 0.9 Ice Magic
 + Level 0.9 Air Magic
 + Level 0.9 Earth Magic
 + Level 0.9 Poison Magic
 + Level 1.2 Invocations
 + Level 6.6 Evocations
 + Level 1.0 Shapeshifting


You had 5 spell levels left.
You didn't know any spells.
Your spell library contained the following spells:

 Spells                   Type           Power      Damage    Failure   Level
 Sting                    Tmut/Pois      12%        1d3       24%         1
 Poisonous Vapours        Pois/Air       6%         N/A       36%         2
 Olgreb's Toxic Radiance  Pois           3%         N/A       94%         4


Dungeon Overview and Level Annotations

Branches:
Dungeon (3/15)

Altars:
Qazlal

Annotations:
D:3 Robin, Terence


Innate Abilities, Weirdness & Mutations

You have very sharp teeth.
Your uncanny sense of smell can sniff out nearby items.
Your experience applies equally to all skills.


Message History

Terence hits the goblin with a +0 flail.
Robin throws the goblin at you!
The goblin shouts!
The goblin hits Terence but does no damage.
Unknown command.
You hit the goblin. Your bite misses the goblin.
The goblin is severely wounded.
You block the goblin's attack. The goblin barely misses you.
The goblin hits you with a +0 dagger. You block the goblin's attack.
Terence barely misses the goblin.
The goblin barely misses Terence.
The goblin misses you. The goblin hits you but does no damage.
The goblin closely misses you. The goblin hits you with a +0 dagger.
Unknown command.
Unknown command.
You closely miss the goblin.
The goblin is severely wounded.
Terence hits the goblin with a +0 flail!
The goblin dies!
You block the goblin's attack. The goblin hits you with a +0 club.
* * * LOW HITPOINT WARNING * * *
A hobgoblin comes into view.
The goblin closely misses you. You block the goblin's attack.
Terence hits the goblin with a +0 flail!
The goblin dies!
Unknown command.
Unknown command.
Unknown command.
Robin misses you. The goblin hits you with a +0 dagger.
* * * LOW HITPOINT WARNING * * *
The goblin hits you with a +0 club.
* * * LOW HITPOINT WARNING * * *
The goblin barely misses you.
Terence hits the goblin with a +0 flail!
The goblin dies!
You climb upwards.
There is a stone staircase leading down, spattered with blood here.
It was a potion of attraction.
You feel attractive to monsters. The goblin hits you with a +0 club.
You die...

###### #.....
#############.....
#@gg........'.....
####..###########.
###.# ♣♣♣♣♣♣♣##
#...# ♣♣#...#♣♣
##.###♣♣#.#.#.#♣♣
##..# ♣♣#...#...#♣
#..##♣♣#.#.#.#.#.#
#.##♣♣#...#.#.#...
#.#♣♣#.#.#.#.#.#.#


You could see 2 goblins.

Vanquished Creatures
  4 adders (D:2)
  3 dart slugs
  An endoplasm (D:1)
  2 giant cockroaches (D:1)
  2 hobgoblins
  2 quokkas
  3 ball pythons
  2 bats
  2 frilled lizards
  9 goblins
  2 kobolds (D:1)
  4 rats
36 creatures vanquished.

Vanquished Creatures (collateral kills)
  3 goblins (D:3)
3 creatures vanquished.

Grand Total: 39 creatures vanquished

Notes
Turn   | Place    | Note
-------+----------+-------------------------------------------
     0 | D:1      | cforsyth the Gnoll Artificer began the quest for the Orb.
     0 | D:1      | Reached XP level 1. HP: 17/17 MP: 1/1
   187 | D:1      | Reached XP level 2. HP: 14/23 MP: 2/2
   695 | D:1      | Found a faded altar of an unknown god.
   901 | D:2      | Reached XP level 3. HP: 3/28 MP: 2/4
  1017 | D:2      | Reached skill level 1 in Invocations
  1124 | D:2      | Reached skill level 1 in Short Blades
  1124 | D:2      | Reached skill level 1 in Long Blades
  1124 | D:2      | Reached skill level 1 in Axes
  1124 | D:2      | Reached skill level 1 in Maces & Flails
  1124 | D:2      | Reached skill level 1 in Polearms
  1124 | D:2      | Reached skill level 1 in Staves
  1124 | D:2      | Reached skill level 1 in Ranged Weapons
  1124 | D:2      | Reached skill level 1 in Throwing
  1124 | D:2      | Reached skill level 1 in Shields
  1124 | D:2      | Reached skill level 1 in Unarmed Combat
  1124 | D:2      | Reached skill level 1 in Spellcasting
  1251 | D:2      | Found a stormy altar of Qazlal.
  1430 | D:2      | Reached XP level 4. HP: 34/34 MP: 5/5
  1605 | D:2      | Reached skill level 1 in Shapeshifting
  1986 | D:3      | Identified a scroll of acquirement
  1986 | D:3      | Acquired 755 gold pieces
  2058 | D:3      | Noticed Terence
  2059 | D:3      | Noticed Robin
  2216 | D:3      | HP: 1/34 [goblin/+0 club[Robin] (5)]
  2218 | D:2      | Slain by a goblin

Illustrated notes

Levels and vault maps discovered:
D:1:      psy_arrival_statuary, layout_loops_ring,
          hellmonk_ecumenical_altar_run_dry
D:2:      layout_basic, basic_altar, kennysheep_cluttered_room
D:3:      layout_rooms, cheibrodos_sewer_entry_sluice, serial_bayou_crossing,
          uniq_robin, uniq_terence, uniq_natasha

Skill      XL: |  1  2  3  4 |
---------------+-------------+-----
Invocations    | 1 |  1.2
Short Blades   | 1 |  1.1
Long Blades    | 1 |  1.1
Axes           | 1 |  1.1
Maces & Flails | 1 |  1.1
Polearms       | 1 |  1.1
Staves         | 1 |  1.1
Ranged Weapons | 1 |  1.1
Throwing       | 1 |  1.1
Shields        | 1 |  1.1
Unarmed Combat | 1 |  1.1
Spellcasting   | 1 |  1.1
Shapeshifting  | 1 |  1.0
Fighting       | |  2.7
Armour         | |  4.6
Dodging        | |  2.7
Stealth        | |  2.5
Conjurations   | |  0.9
Hexes          | |  0.9
Summonings     | |  0.9
Necromancy     | |  0.9
Translocations | |  0.9
Transmutations | |  0.9
Fire Magic     | |  0.9
Ice Magic      | |  0.9
Air Magic      | |  0.9
Earth Magic    | |  0.9
Poison Magic   | |  0.9
Evocations     | |  6.6

Action                     |  1- 3 |  4- 6 || total
---------------------------+-------+-------++-------
  Melee: Club              |   129 |    50 ||   179
         Bite              |    16 |     3 ||    19
  Evoke: Wand              |     5 |     2 ||     7
    Use: Scroll            |       |     7 ||     7
         Potion            |       |     1 ||     1
   Stab: Sleeping          |     3 |       ||     3
 Armour: Leather armour    |    48 |    23 ||    71
  Dodge: Dodged            |    96 |    40 ||   136
  Block: Other             |     3 |    21 ||    24

Table legend: (Time is in decaauts)
 A = Elapsed time spent in this place.
 B = Non-inter-level travel time spent in this place.
 C = Inter-level travel time spent in this place.
 D = Time resting spent in this place.
 E = Time spent auto-exploring this place.
 F = Levels seen in this place.
 G = Mean time per level.
                   A        B        C        D        E       F      G
               +--------+--------+--------+--------+--------+-----+--------+
         Total |   2267 |   2212 |     55 |    114 |   1633 |   3 |  755.7 |
       Dungeon |   2267 |   2212 |     55 |    114 |   1633 |   3 |  755.7 |
               +--------+--------+--------+--------+--------+-----+--------+

Top non-repeatable levels by time:
     D:2: 1335 daAuts
     D:1: 866 daAuts
     D:3: 65 daAuts
